 Dungeon Crawl Stone Soup version 0.25-a0-815-gab441bd002 (webtiles) character file.

Game seed: 13924209209724180828, levelgen mode: deterministic

414 Maedhros the Sneak (level 6, -1/38 HPs)
             Began as an Octopode Artificer on Apr 20, 2020.
             Slain by a two-headed ogre
             ... wielding a +0 giant spiked club
              (27 damage)
             ... on level 7 of the Dungeon.
             The game lasted 00:03:45 (1300 turns).

Maedhros the Sneak (Octopode Artificer)             Turns: 1300, Time: 00:03:46

Health: -1/38      AC:  1    Str:  9 (11) XL:     6   Next: 91%
Magic:  9/9        EV: 13    Int: 12 (13) God:
Gold:   107        SH:  0    Dex: 13 (15) Spells: 2/5 levels left

rFire    . . .     SeeInvis .   a - +0 short sword
rCold    . . .     Gourm    .   (no shield)
rNeg     . . .     Faith    .   (helmet restricted)
rPois    .         Spirit   .   (no amulet)
rElec    .         Reflect  .   (no ring)
rCorr    .         Harm     .   (no ring)
MR       .....                  (no ring)
Stlth    ++++......             (no ring)
HPRegen  0.12/turn              (no ring)
MPRegen  0.11/turn              (no ring)
                                (no ring)
                                (no ring)

@: no status effects
A: almost no armour, stealthy swim, amphibious, 8 rings, constrict 8, camouflage
1, gelatinous body 1
a: no special abilities


You were on level 7 of the Dungeon.
You were not hungry.

You visited 1 branch of the dungeon, and saw 7 of its levels.

You collected 107 gold pieces.

Inventory:

Hand Weapons
 a - a +0 short sword (weapon)
Missiles
 o - 19 poisoned darts (quivered)
Wands
 b - a wand of acid (4)
 c - a wand of enslavement (14)
Scrolls
 d - a scroll of summoning {unknown}
 g - 5 scrolls of identify {unknown}
 j - a scroll of random uselessness {unknown}
 l - 2 scrolls of remove curse {unknown}
 n - a scroll of teleportation {unknown}
Potions
 e - 2 potions of haste
 i - a potion of heal wounds
 k - a potion of invisibility {unknown}
Comestibles
 f - 4 rations
 m - a chunk of flesh


   Skills:
 - Level 1.0 Fighting
 - Level 1.0 Short Blades
 - Level 2.0 Dodging
 + Level 5.0 Stealth
 * Level 4.6 Unarmed Combat
 + Level 4.9 Evocations


You had 2 spell levels left.
You knew the following spells:

 Your Spells              Type           Power        Failure   Level  Hunger
a - Ozocubu's Armour      Chrm/Ice       #.......     69%         3    ####...

Your spell library contained the following spells:

 Spells                   Type           Power        Failure   Level  Hunger
 Infusion                 Chrm           #...         32%         1    ##.....
 Shroud of Golubria       Chrm/Tloc      #.....       45%         2    ###....
 Song of Slaying          Chrm           #.......     45%         2    ###....
 Spectral Weapon          Hex/Chrm       #.......     69%         3    ####...


Dungeon Overview and Level Annotations

Branches:
Dungeon (7/15)
 Temple: D:4-7

Altars:
Trog
The Shining One

Shops:
D:5 *


Innate Abilities, Weirdness & Mutations

You cannot wear most types of armour.
You are very stealthy in the water. (Stealth+)
You are amphibious.
You can wear up to eight rings at the same time.
You can use your tentacles to constrict eight enemies at once.
Your skin changes colour to match your surroundings (Stealth+).
Your rubbery body absorbs attacks. (AC +1, EV +1)


Message History

Aim: a two-headed ogre, wielding a +0 giant spiked club and a +0 giant club (moderately wounded)
The bolt of acid hits the two-headed ogre!
The two-headed ogre is splashed with acid.
The acid corrodes the two-headed ogre!
The two-headed ogre is severely wounded.
A centaur comes into view.
The centaur wields a +0 shortbow.
The centaur shoots an arrow.
The arrow hits you!
You see here an arrow.
It was a potion of heal wounds.
You feel much better.
The centaur shoots an arrow.
The arrow hits you!
It was a potion of degeneration.
There was something very wrong with that liquid.
You feel weakened.
You feel dopey.
You feel clumsy.
You hit the two-headed ogre.
The two-headed ogre is severely wounded.
The two-headed ogre misses you.
The two-headed ogre hits you with a +0 giant club!!
Ouch! That really hurt!
You die...

..# #.# #.# #..#
#.##########.# # .#
#............# #..#
######.#####.########
#... #.# #).........
..#
######.####..########
#...
..............#######
#..#
#######.#####.......#
# ...
#.##.@O......... #..#
#.##.##(####..## ...#
.........?....# ##.#
#.##.#...####.# ...#
#.##.#...# ##.# #.
#...[.# ....c.#
....... ##.....$


You could see a two-headed ogre.

Vanquished Creatures
  Menkaure (D:6)
  A scorpion (D:4)
  A crimson imp (D:5)
  A bullfrog skeleton (D:5)
  2 iguanas
  2 worker ants
  3 gnolls (D:2)
  3 adders
  An ooze (D:1)
  A worm (D:4)
  2 leopard geckos
  An orc (D:3)
  2 giant cockroaches (D:4)
  2 goblins
  A hobgoblin (D:1)
  2 jackals (D:2)
  2 kobolds (D:2)
  A quokka (D:3)
  A bat (D:2)
  4 frilled lizards
  3 rats
37 creatures vanquished.

Notes
Turn   | Place    | Note
-------+----------+-------------------------------------------
     0 | D:1      | Maedhros the Octopode Artificer began the quest for the
                  | Orb.
     0 | D:1      | Reached XP level 1. HP: 13/13 MP: 3/3
    98 | D:1      | Reached skill level 2 in Stealth
    98 | D:1      | Reached skill level 1 in Unarmed Combat
    98 | D:1      | Reached XP level 2. HP: 18/18 MP: 4/4
   176 | D:2      | Reached XP level 3. HP: 2/23 MP: 5/5
   501 | D:2      | Reached skill level 3 in Stealth
   501 | D:2      | Reached XP level 4. HP: 28/28 MP: 6/6
   644 | D:4      | Found a glowing golden altar of the Shining One.
   758 | D:4      | Reached XP level 5. HP: 21/33 MP: 8/8
   824 | D:5      | Entered Level 5 of the Dungeon
   838 | D:5      | Learned a level 3 spell: Ozocubu's Armour
   927 | D:5      | Reached skill level 4 in Stealth
  1013 | D:5      | Reached XP level 6. HP: 23/38 MP: 9/9
  1023 | D:5      | Found Lipavawy's General Store.
  1145 | D:6      | Noticed a sky beast
  1151 | D:6      | Noticed Menkaure
  1155 | D:6      | Killed Menkaure
  1206 | D:7      | Reached skill level 5 in Stealth
  1229 | D:7      | Found a bloodstained altar of Trog.
  1291 | D:7      | Noticed a two-headed ogre
  1300 | D:7      | Slain by a two-headed ogre

Levels and vault maps discovered:
D:1:      dpeg_arrival_round_a, layout_loops_ring, minmay_hedge_maze
D:2:      layout_basic, nicolae_overflow_hidden_temple
D:3:      layout_basic, dancing_weapons_uskayaw, lemuel_round_altar,
          first_ration
D:4:      layout_basic, lemuel_doored_altar, minmay_temple_entry_slanted
D:5:      layout_loops_ring, serial_shops, nicolae_shop_statue_plus
D:6:      layout_loops_ring, minmay_shop_damaged, uniq_blork_the_orc,
          uniq_menkaure, uniq_pikel
D:7:      layout_loops_ring, old_standard_altar, marbit_many_paths, uniq_joseph

Skill      XL: |  1  2  3  4  5  6 |
---------------+-------------------+-----
Stealth        | 2 3 4 5 |  5.0
Unarmed Combat | 1 2 3 4 |  4.6
Evocations     | 4 |  4.9
Fighting       | |  1.0
Short Blades   | |  1.0
Dodging        | |  2.0

Action                   |  1- 3 |  4- 6 || total
-------------------------+-------+-------++-------
Melee: Short sword       |    30 |    47 ||    77
       Constrict         |     7 |    11 ||    18
       Tentacles         |     4 |    13 ||    17
       Punch             |       |     2 ||     2
Evoke: Wand              |     7 |    27 ||    34
  Use: Potion            |       |     2 ||     2
 Stab: Sleeping          |     3 |     7 ||    10
  Eat: Chunk             |       |     1 ||     1
Armor: Skin              |     2 |     3 ||     5
Dodge: Dodged            |    24 |    35 ||    59

Table legend:
 A = Non-vault XP
 B = Vault XP
 C = Vault XP percentage of total XP
 D = Non-vault monster count
 E = Vault monster count
 F = Vault count percentage of total count
                 A         B        C        D         E       F
            +---------+---------+-------+---------+---------+-------
      Total |     427 |     165 |  27.9 |      36 |       1 |   2.7
            +---------+---------+-------+---------+---------+-------
        D:1 |      15 |       0 |   0.0 |       6 |       0 |   0.0
        D:2 |      91 |       0 |   0.0 |      12 |       0 |   0.0
        D:3 |       9 |       0 |   0.0 |       4 |       0 |   0.0
        D:4 |      94 |       0 |   0.0 |       5 |       0 |   0.0
        D:5 |     148 |       0 |   0.0 |       7 |       0 |   0.0
        D:6 |      36 |     165 |  82.1 |       1 |       1 |  50.0
        D:7 |      34 |       0 |   0.0 |       1 |       0 |   0.0
            +---------+---------+-------+---------+---------+-------
